 Dungeon Crawl Stone Soup version 0.31.0-12-g77e489cdc1 (webtiles) character file.

Game seed: 7457270873889364647

222 Doomgape the Trooper (level 5, -3/34 HPs)
             Began as a Gargoyle Fighter on Feb 24, 2024.
             Slain by a water moccasin (4 damage)
             ... on level 3 of the Dungeon.
             The game lasted 00:05:01 (2370 turns).

Doomgape the Trooper (Gargoyle Fighter)             Turns: 2370, Time: 00:05:02

Health: -3/34      AC: 16    Str: 22    XL:     5   Next: 99%
Magic:  5/5        EV:  9    Int:  8    God:
Gold:   163        SH:  9    Dex:  9    Spells: 4/4 levels left

rFire   + + .        a - +0 flail
rCold   x . .        c - +0 buckler
rNeg    + . .        m - +0 fire dragon scales
rPois   ∞            (no helmet)
rElec   +            (no cloak)
rCorr   .            (no gloves)
SInv    +            g - +1 pair of boots
Will    .....        h - amulet of reflection Stlth
                     j - ring of see invisible
HPRegen 0.25/turn    (no ring)
MPRegen 0.09/turn

%: reflection
@: no status effects
A: sickness immunity, AC +4, negative energy resistance 1, electricity
resistance, torment resistance 1, petrification resistance
a: no special abilities


You were on level 3 of the Dungeon.
You visited 1 branch of the dungeon, and saw 3 of its levels.

You collected 163 gold pieces.

Inventory:

Hand Weapons
 a - a +0 flail (weapon)
Missiles
 i - 3 javelins (quivered)
Armour
 c - a +0 buckler (worn)
 g - a +1 pair of boots (worn)
 m - +0 fire dragon scales (worn)
Jewellery
 h - an amulet of reflection (around neck)
 j - a ring of see invisible (left hand)
Wands
 k - a wand of flame (26)
Scrolls
 b - a scroll of blinking
 o - a scroll of fear
 p - a scroll of identify
Potions
 d - a potion of might
 e - a potion of enlightenment
 f - 2 potions of mutation {unknown}
 l - a potion of degeneration {unknown}
 n - a potion of heal wounds {unknown}


   Skills:
 + Level 4.9 Fighting
 + Level 3.7 Maces & Flails
 + Level 4.9 Armour
 - Level 3.2 Shields


You had 4 spell levels left.
You didn't know any spells.
Your spell library contained the following spells:

 Spells                   Type           Power      Damage    Failure   Level
 Magic Dart               Conj           0%         1d3       85%         1
 Blink                    Tloc           0%         N/A       94%         2
 Call Imp                 Summ           0%         N/A       94%         2


Dungeon Overview and Level Annotations

Branches:
Dungeon (3/15)

Altars:


Innate Abilities, Weirdness & Mutations

You are immune to sickness and miasma.
Your stone body is resilient. (AC +4)
You are immune to poison.
You resist negative energy. (rN+)
You are resistant to electric shocks. (rElec)
You are resistant to unholy torment.
You are immune to petrification.


Message History

You closely miss the water moccasin.
The water moccasin is heavily wounded.
The bat hits you but does no damage. x2; The water moccasin bites you.
The bat hits you but does no damage. The water moccasin barely misses you.
You thump the water moccasin!
The water moccasin is almost dead.
The bat hits you but does no damage. The water moccasin barely misses you.
The water moccasin bites you.
Unknown command.
You hit the water moccasin but do no damage.
The water moccasin is almost dead.
The ball python misses you. You block the ball python's attack.
The water moccasin barely misses you.
Unknown command.
You miss the water moccasin.
The water moccasin is almost dead.
You block the water moccasin's attack.
The water moccasin bites you but does no damage.
You block the iguana's attack.
Unknown command.
You hit the water moccasin.
The water moccasin is almost dead.
The water moccasin bites you but does no damage.
You block the iguana's attack. The water moccasin bites you.
Unknown command.
You barely miss the water moccasin.
The water moccasin is almost dead.
You block the water moccasin's attack.
The iguana bites you but does no damage.
Unknown command.
You miss the water moccasin.
The water moccasin is almost dead.
You block the water moccasin's attack. The iguana bites you!
* * * LOW HITPOINT WARNING * * *
The water moccasin barely misses you.
Unknown command.
The iguana bites you.
* * * LOW HITPOINT WARNING * * *
The water moccasin bites you.
You die...

#...##......##+#
# .....#.#..###
#...# #........##
#...# ..###.##.+
#...# #.# #....##
#...# #.#
####..### #...#
#.# ##...####.b.#
#.. #.#
###....##l##....#
#.#######
###...@S......#
...##...#
##.......)..#
#..##...#
#..........#
....#...#
#..........#
..#.....#
#..........#
..#.#...#
############
..#.#...#
..#.#####
.....#######


You could see a water moccasin, an iguana and a bat.

Vanquished Creatures
  Jessica (D:2)
  Terence (D:3)
  Natasha (thrice) (D:3)
  4 adders
  A dart slug (D:2)
  5 bats
  5 endoplasms
  3 giant cockroaches (D:1)
  4 goblins
  11 hobgoblins
  3 quokkas (D:1)
  9 ball pythons
  2 frilled lizards (D:2)
  5 kobolds
  2 rats (D:3)
59 creatures vanquished.

Notes
Turn   | Place    | Note
-------+----------+-------------------------------------------
     0 | D:1      | Doomgape the Gargoyle Fighter began the quest for the Orb.
     0 | D:1      | Reached XP level 1. HP: 14/14 MP: 1/1
   148 | D:1      | Reached XP level 2. HP: 14/19 MP: 2/2
   787 | D:1      | Reached XP level 3. HP: 24/24 MP: 3/3
  1182 | D:2      | Noticed Jessica
  1187 | D:2      | Killed Jessica
  1211 | D:2      | Reached XP level 4. HP: 29/29 MP: 4/4
  1916 | D:3      | Noticed Natasha
  1926 | D:3      | Noticed Terence
  1931 | D:3      | Killed Natasha
  1932 | D:3      | Reached XP level 5. HP: 18/34 MP: 5/5
  2015 | D:3      | Killed Terence
  2064 | D:3      | Noticed Natasha
  2072 | D:3      | Killed Natasha
  2246 | D:3      | Noticed Natasha
  2254 | D:3      | Killed Natasha
  2355 | D:3      | Noticed a water moccasin
  2370 | D:3      | HP: 1/34 [iguana (6)]
  2370 | D:3      | Slain by a water moccasin

Illustrated notes

Levels and vault maps discovered:
D:1:      dpeg_arrival_arbitrary_a, layout_basic
D:2:      layout_loops_cross, kennysheep_crisscross, uniq_jessica
D:3:      layout_rooms, minmay_divided_ellipse, uniq_natasha, uniq_terence

Skill      XL: |  1  2  3  4 |
---------------+-------------+-----
Fighting       | 4 |  4.9
Armour         | 4 |  4.9
Maces & Flails | 3 |  3.7
Shields        | |  3.2

Action                     |  1- 3 |  4- 6 || total
---------------------------+-------+-------++-------
  Melee: Flail             |   103 |   125 ||   228
    Use: Scroll            |       |     6 ||     6
 Armour: Scale mail        |    65 |       ||    65
         Fire dragon scale |       |   144 ||   144
  Dodge: Dodged            |    41 |    72 ||   113
  Block: Buckler           |    33 |   100 ||   133
